AoeStats
← Chorizo En Cajas

Lombardia

509277131Analyzed
3v3 RM · 6d ago on Sep 26, 2026· 54m 21s· 6 players
Game mode
Random Map
Map size
Normal (6 player)
Population
200
Speed
Normal
Resources
Standard
Victory
Conquest
Starting age
Dark Age
Ending age
Imperial Age
RankedLock teamsTeams togetherTeam positionsShared explorationLock speedFull tech treeHidden civsTurbo modeCheats
Victory
Defeat
🇲🇽 Byzantines · Mexico
1018
+17
🇲🇽 Saxons · Mexico
1013
+17
🇲🇽 Danes · Mexico
990
+17
🇧🇷 Georgians · Brazil
1032
-17
🇧🇷 Celts · Brazil
1030
-17
🇧🇷 Vietnamese · Brazil
1028
-17
Chorizo En Cajas
6:26 Loom
11:10 Feudal Age
20:33 Castle Age
19:53 Horse Collar
20:25 Forging
20:16 Scale Mail Armor
21:18 Squires
21:04 Gambesons
21:06 Arson
21:58 Iron Casting
22:33 Chain Mail Armor
31:06 Imperial Age
29:54 Wheelbarrow
29:09 Double-Bit Axe
30:41 Heavy Plow
33:08 Blast Furnace
33:06 Conscription
34:51 Bow Saw
36:11 Hamask
38:39 Elite Jomsviking
40:52 Plate Mail Armor
43:06 Northmen's Fury
Barquimides
11:15 Feudal Age
11:16 Man-at-Arms
12:45 Forging
12:31 Double-Bit Axe
14:00 Scale Mail Armor
20:18 Castle Age
21:32 Wheelbarrow
21:10 Bow Saw
21:28 Chain Mail Armor
21:16 Squires
22:11 Long Swordsman
24:53 Gambesons
25:57 Town Watch
27:58 Horse Collar
29:01 Treadmill Crane
29:23 Town Patrol
31:11 Hand Cart
30:44 Loom
34:55 Imperial Age
33:14 Gold Mining
33:25 Stone Mining
33:24 Pikeman
34:47 Iron Casting
35:30 Ballistics
35:50 Gold Shaft Mining
35:05 Shield Wall
37:36 Conscription
38:28 Plate Mail Armor
38:01 Heavy Plow
37:49 Elite Hearth Troop
37:56 Two-Handed Swordsman
38:53 Halberdier
39:26 Arson
40:48 Crop Rotation
41:21 Two-Man Saw
40:22 Elite Varangian Guard
43:07 Champion
Blutt_SWD
0:54 Loom
11:32 Feudal Age
17:31 Castle Age
16:03 Double-Bit Axe
16:01 Horse Collar
21:00 Wheelbarrow
22:00 Hand Cart
22:29 Heavy Plow
30:24 Fletching
31:22 Bodkin Arrow
34:22 Imperial Age
32:27 Stone Mining
34:14 Bow Saw
34:57 Elite Cataphract
37:05 Scale Barding Armor
37:14 Forging
38:19 Conscription
38:20 Logistica
38:32 Chain Barding Armor
39:41 Caravan
40:20 Iron Casting
40:28 Plate Barding Armor
53:56 Crop Rotation
54:29 Two-Man Saw
hig_sfc
0:27 Loom
10:22 Feudal Age
10:52 Double-Bit Axe
11:03 Gold Mining
21:31 Castle Age
19:41 Horse Collar
21:39 Crossbowman
22:19 Fletching
24:29 Wheelbarrow
26:56 Stone Mining
27:24 Elite Skirmisher
31:54 Hand Cart
38:19 Imperial Age
36:15 Heavy Plow
37:44 Ballistics
37:42 Forging
37:33 Padded Archer Armor
38:44 Bow Saw
39:09 Chatras
38:40 Imperial Skirmisher
40:56 Two-Man Saw
40:39 Arbalester
43:36 Bodkin Arrow
43:57 Leather Archer Armor
43:51 Elite Battle Elephant
45:27 Bloodlines
45:18 Husbandry
47:25 Chemistry
47:04 Iron Casting
46:30 Bracer
46:37 Scale Barding Armor
48:05 Ring Archer Armor
49:34 Chain Barding Armor
HeC_SantosFC
3:55 Loom
12:09 Feudal Age
13:32 Wheelbarrow
12:39 Horse Collar
26:21 Castle Age
24:19 Fletching
25:11 Forging
27:14 Scale Barding Armor
27:24 Bloodlines
27:28 Double-Bit Axe
27:35 Gold Mining
28:52 Iron Casting
28:15 Bodkin Arrow
27:46 Crossbowman
30:43 Chain Barding Armor
30:58 Husbandry
32:44 Heavy Plow
33:05 Bow Saw
42:25 Imperial Age
39:46 Town Watch
44:31 Blast Furnace
44:27 Plate Barding Armor
46:49 Stone Mining
47:28 Conscription
47:48 Elite Monaspa
48:56 Caravan
50:00 Svan Towers
51:42 Pikeman
Camila Lobao
4:47 Loom
12:20 Feudal Age
16:51 Castle Age
15:20 Double-Bit Axe
16:04 Man-at-Arms
17:22 Long Swordsman
17:47 Gambesons
18:26 Bow Saw
18:41 Scale Mail Armor
26:06 Elite Skirmisher
29:02 Wheelbarrow
28:29 Pikeman
34:28 Imperial Age
32:06 Fletching
34:01 Hand Cart
34:10 Forging
35:30 Conscription
34:44 Capped Ram
35:19 Halberdier
36:52 Elite Woad Raider
37:17 Imperial Skirmisher
37:54 Bodkin Arrow
38:35 Iron Casting
38:57 Stronghold
39:23 Imperial Skirmisher
40:05 Padded Archer Armor
41:07 Chemistry
40:42 Ballistics
41:24 Chemistry
43:44 Leather Archer Armor
44:30 Blast Furnace
46:16 Arson
46:47 Chain Mail Armor
47:03 Ring Archer Armor
48:20 Plate Mail Armor
48:56 Two-Handed Swordsman
49:58 Furor Celtica
51:41 Champion
Connection lost

Rejoining the realm…

Still unreachable

The connection could not be restored.

Session expired

The server has moved on; the page needs a fresh start.